 Dungeon Crawl Stone Soup version 0.27-a0-668-gb5737ff2c0 (webtiles) character file.

Game seed: 12767657874303846111

12677 robertstho the Fighter (level 11, -1/62 HPs)
             Began as a Vine Stalker Berserker on Mar 17, 2021.
             Was a High Priest of Trog.
             Slain by a salamander (4 damage)
             ... in a volcano.
             The game lasted 00:16:46 (9332 turns).

robertstho the Fighter (Vine Stalker Berserker)     Turns: 9332, Time: 00:16:46

Health: -1/62      AC: 17    Str: 24    XL:     11   Next: 97%
Magic:  0/21       EV: 12    Int:  7    God:    Trog [*****.]
Gold:   584        SH:  0    Dex: 13    Spells: 10/10 levels left

rFire    + . .     SeeInvis .   t - +0 long sword (flame)
rCold    . . .     Faith    .   (no shield)
rNeg     . . .     Spirit   +   i - +2 scale mail {rF+}
rPois    +         Reflect  .   j - +2 helmet
rElec    .         Harm     .   D - +0 cloak
rCorr    .         Rampage  .   s - +1 pair of gloves
Will     +....                  (no boots)
Stlth    +.........             r - amulet of the acrobat
HPRegen  1.20/turn              n - ring of magical power
MPRegen  0.17/turn              F - ring of poison resistance

@: berserk cooldown, slowed, very slow
A: fangs 3, regeneration 1, magic shield, antimagic bite, no potion heal 3
a: Renounce Religion, Berserk, Trog's Hand, Brothers in Arms


You were in a volcano.
You worshipped Trog.
Trog was extremely pleased with you.
You visited 2 branches of the dungeon, and saw 11 of its levels.
You also visited: Volcano.

You collected 584 gold pieces.

Inventory:

Hand Weapons
 c - a +0 hand axe of freezing
 t - a +0 long sword of flaming (weapon)
Armour
 i - a +2 scale mail of fire resistance (worn)
 j - a +2 helmet (worn)
 s - a +1 pair of gloves (worn)
 u - +0 acid dragon scales
 D - a +0 cloak (worn)
Jewellery
 n - a ring of magical power (right hand)
 r - an amulet of the acrobat (around neck)
 y - a +6 ring of dexterity
 F - a ring of poison resistance (left hand)
 H - a +6 ring of dexterity
Wands
 a - a wand of polymorph (7)
 I - a wand of flame (13)
Scrolls
 d - 3 scrolls of teleportation
 g - a scroll of fog
 k - 2 scrolls of enchant armour
 q - 3 scrolls of silence
 B - a scroll of immolation {unknown}
Potions
 e - 2 potions of haste
 f - a potion of lignification
 h - 4 potions of curing
 l - a potion of invisibility {unknown}
 m - a potion of might
 v - a potion of resistance {unknown}
 z - a potion of brilliance {unknown}
 A - a potion of flight {unknown}
 C - a potion of heal wounds {unknown}
 E - a potion of ambrosia {unknown}
 J - a potion of degeneration {unknown}
Miscellaneous
 G - a box of beasts (inert)


   Skills:
 * Level 9.0 Fighting
 + Level 8.3 Long Blades
 + Level 4.8 Axes
 * Level 8.6 Armour
 + Level 5.1 Dodging
 + Level 3.6 Stealth
 + Level 4.7 Unarmed Combat


You had 10 spell levels left.
You didn't know any spells.
Your spell library was empty.

Dungeon Overview and Level Annotations

Branches:
Dungeon (10/15)            Temple (0/1) D:7            Lair (1/6) D:9
    Orc (0/2) D:10        Volcano (1/1)

Altars:
Gozag
Hepliaklqana
Makhleb
Nemelex Xobeh
Okawaru
Sif Muna
Trog
Uskayaw
Wu Jian
The Shining One
Beogh


Innate Abilities, Weirdness & Mutations

You have razor-sharp teeth.
Your natural rate of healing is unusually fast.
When hurt, damage is shared between your health and your magic reserves.
Your bite disrupts and absorbs the magic of your enemies.
Potions cannot restore your health.


Message History

The two-headed ogre is almost dead.
The two-headed ogre hits you with a +0 giant club of flaming!
The two-headed ogre burns you.
The two-headed ogre hits you with a +0 giant club of flaming.
You slice the two-headed ogre!! You burn the two-headed ogre.
You kill the two-headed ogre!
Trog accepts your kill.
You slash the salamander! You bite the salamander. You drain its power.
You feel invigorated.
The salamander is moderately wounded.
You slash the salamander!
The salamander is heavily wounded.
You are no longer berserk.
You are exhausted.
You feel yourself slow down. The salamander hits you!
You are engulfed in flames!
You resist.
* * * LOW HITPOINT WARNING * * *
You closely miss the salamander. You bite the salamander. You drain its power.
You feel invigorated.
The salamander is heavily wounded.
The salamander hits you.
* * * LOW HITPOINT WARNING * * *
You are engulfed in flames!
You resist.
* * * LOW HITPOINT WARNING * * *
The salamander hits you.
* * * LOW HITPOINT WARNING * * *
You are engulfed in flames.
You resist.
* * * LOW HITPOINT WARNING * * *
You closely miss the salamander.
The salamander is heavily wounded.
The salamander hits you!
* * * LOW HITPOINT WARNING * * *
You are engulfed in flames!
You resist.
* * * LOW HITPOINT WARNING * * *
You slash the salamander!
You bite the salamander, but do no damage.
The salamander is severely wounded.
The air gets thick with the scent of sulphur.
The salamander hits you.
You are engulfed in flames.
You resist.
You die...

#≈≈≈≈≈≈.# #^§°≈≈≈≈≈
≈≈§§≈≈..# +☼°≈≈≈≈≈≈
≈≈≈§§≈≈.# #°≈≈≈≈≈≈≈
≈≈≈§§≈≈.## ##°.≈≈≈≈≈≈
#≈§§§≈...####..≈≈≈≈≈≈
§§≈§≈≈.........≈≈≈≈≈≈
#≈≈§≈≈≈..####..≈≈≈≈≈≈
≈≈§≈§≈§.## ##°≈≈≈§≈≈
§≈§§§≈≈@# °°§§≈≈≈
≈#≈≈§§§.N....#○○.§≈≈≈
≈≈≈§§§§.#....#○°○≈≈≈≈
§≈≈§≈.§.##[.##○☼.≈≈≈≈
≈≈≈≈§≈... ### ○.≈≈≈≈≈
≈#≈§≈≈... #≈§§§≈...
§§§§≈≈≈^##


You could see a salamander.

Vanquished Creatures
  2 two-headed ogres
  A hell hog (Volcano)
  A cane toad (Lair:1)
  Maggie (D:6)
  A troll (D:10)
  Sigmund (D:3)
  9 yaks
  2 wyverns
  2 fire bats (Volcano)
  2 water moccasins
  Duvessa (D:4)
  12 orc warriors
  A hornet zombie (D:6)
  2 ice beasts
  4 sky beasts
  3 black bears
  15 ogres
  2 necrophages (D:8)
  3 centaurs
  2 phantoms
  Blork the orc (D:6)
  5 kobold brigands
  4 bullfrogs
  2 gnoll sergeants (D:10)
  Dowan (D:4)
  4 scorpions
  10 killer bees
  5 wights (D:6)
  A howler monkey (D:8)
  A bullfrog zombie (D:9)
  A centaur zombie (D:5)
  3 quasits
  8 orc priests
  5 hounds
  A bullfrog skeleton (D:5)
  5 iguanas
  10 orc wizards
  12 worker ants
  A hound skeleton (D:8)
  2 worker ant zombies
  11 adders
  7 gnolls (D:10)
  A shadow imp (D:7)
  3 white imps
  An adder skeleton (D:7)
  An adder zombie (D:5)
  2 worms
  7 leopard geckos
  55 orcs
  4 ball pythons
  2 giant cockroaches
  8 goblins
  9 hobgoblins
  14 jackals
  6 quokkas
  6 bats
  8 frilled lizards
  11 kobolds
  3 rats
308 creatures vanquished.

Vanquished Creatures (collateral kills)
  Sonja (D:10)
  2 yaks (D:10)
  An ogre (D:10)
  A centaur (D:10)
  An orc wizard (D:10)
  An orc (D:10)
  A kobold (D:10)
8 creatures vanquished.

Vanquished Creatures (others)
  2 fungi
  2 plants
4 creatures vanquished.

Grand Total: 320 creatures vanquished

Notes
Turn   | Place    | Note
-------+----------+-------------------------------------------
     0 | D:1      | robertstho the Vine Stalker Berserker began the quest for
                  | the Orb.
     0 | D:1      | Reached XP level 1. HP: 11/11 MP: 2/2
   232 | D:1      | Reached XP level 2. HP: 6/16 MP: 1/3
  1408 | D:2      | Reached skill level 1 in Stealth
  1408 | D:2      | Reached XP level 3. HP: 10/19 MP: 4/4
  1724 | D:2      | Reached skill level 3 in Fighting
  2080 | D:2      | Gained mutation: Your natural rate of healing is unusually
                  | fast. [Vine Stalker growth]
  2080 | D:2      | Reached XP level 4. HP: 11/24 MP: 2/5
  2353 | D:2      | Found a shimmering blue altar of Sif Muna.
  2512 | D:2      | Found an iron altar of Okawaru.
  2626 | D:3      | Noticed Sigmund
  2636 | D:3      | Killed Sigmund
  2637 | D:3      | Reached skill level 1 in Axes
  2637 | D:3      | Reached XP level 5. HP: 29/29 MP: 6/6
  2637 | D:3      | Reached XP level 6. HP: 33/33 MP: 7/7
  2638 | D:3      | Reached ** piety under Trog
  2700 | D:3      | Found a burning altar of Makhleb.
  3015 | D:4      | Noticed Dowan
  3020 | D:4      | Noticed Duvessa
  3031 | D:4      | Killed Duvessa
  3032 | D:4      | Reached skill level 4 in Fighting
  3032 | D:4      | HP: 1/49 [ogre/+0 giant spiked club (22)]
  3038 | D:4      | Reached XP level 7. HP: 7/37 MP: 8/8
  3039 | D:4      | Killed Dowan
  3196 | D:3      | Found an ornate altar of the Wu Jian Council.
  3650 | D:4      | Found a bloodstained altar of Trog.
  3706 | D:4      | Found a hide-covered altar of Uskayaw.
  3754 | D:4      | Found a glowing golden altar of the Shining One.
  4145 | D:5      | Entered Level 5 of the Dungeon
  4285 | D:5      | Gained mutation: You have razor-sharp teeth. [Vine Stalker
                  | growth]
  4285 | D:5      | Reached XP level 8. HP: 41/42 MP: 7/9
  4301 | D:5      | Found Jago's Magic Scroll Emporium.
  4318 | D:5      | Reached skill level 5 in Fighting
  4572 | D:5      | Found a hazy altar of Hepliaklqana.
  4903 | D:6      | Reached *** piety under Trog
  4958 | D:6      | Noticed Maggie
  4973 | D:6      | Killed Maggie
  5142 | D:6      | Noticed Blork the orc
  5152 | D:6      | Killed Blork the orc
  5635 | D:6      | Reached XP level 9. HP: 32/48 MP: 10/10
  5657 | D:6      | Reached skill level 1 in Long Blades
  5863 | D:7      | Reached skill level 6 in Fighting
  5977 | D:7      | Found a staircase to the Ecumenical Temple.
  6015 | D:7      | Reached **** piety under Trog
  6196 | D:7      | Reached skill level 5 in Armour
  6439 | D:7      | Found an opulent altar of Gozag.
  6551 | D:8      | Noticed a two-headed ogre
  6801 | D:8      | Killed a two-headed ogre
  6802 | D:8      | Reached XP level 10. HP: 53/53 MP: 11/11
  6822 | D:8      | Reached skill level 5 in Long Blades
  6897 | D:8      | Reached skill level 7 in Fighting
  6927 | D:8      | Reached ***** piety under Trog
  7131 | D:8      | Found a sparkling altar of Nemelex Xobeh.
  7226 | D:9      | Found a staircase to the Lair.
  7494 | D:9      | Found a bloodstained altar of Trog.
  7755 | D:9      | Reached XP level 11. HP: 53/59 MP: 12/12
  8097 | D:10     | Entered Level 10 of the Dungeon
  8276 | D:10     | Reached skill level 8 in Fighting
  8304 | D:10     | Received a gift from Trog
  8627 | D:10     | Noticed Sonja
  8641 | D:10     | Killed Sonja
  8737 | D:10     | Noticed a lindwurm
  8743 | D:10     | Noticed a lindwurm
  8760 | D:10     | Noticed a lindwurm
  8885 | D:10     | Found a staircase to the Orcish Mines.
  9095 | D:10     | Noticed a lindwurm
  9148 | Lair:1   | Entered Level 1 of the Lair of Beasts
  9180 | Lair:1   | Reached skill level 5 in Dodging
  9262 | Lair:1   | Found a dark tunnel.
  9271 | Volcano  | Entered a volcano
  9311 | Volcano  | Noticed a two-headed ogre
  9311 | Volcano  | Noticed a hell hog
  9311 | Volcano  | Noticed a salamander
  9318 | Volcano  | Killed a hell hog
  9323 | Volcano  | Reached skill level 9 in Fighting
  9327 | Volcano  | Killed a two-headed ogre
  9331 | Volcano  | HP: 2/62 [salamander (4)]
  9332 | Volcano  | Slain by a salamander

Illustrated notes

Levels and vault maps discovered:
D:1:      saegor_arrival_simple_b, layout_loops_cross, minmay_shallow_snake_nest
D:2:      layout_loops_cross, lemuel_blue_sif_altar, kennysheep_okawaru_gauntlet
D:3:      layout_basic, nicolae_overflow_crystal_walls,
          nicolae_wu_jian_immortal_techniques, chequers_decorated_corner,
          minmay_misc_feat_columns, uniq_sigmund
D:4:      layout_basic, lightli_temple_of_fire, amethyst_overflow_temple_binary,
          uniq_duvessa
D:5:      layout_basic, marbit_many_paths, serial_shops, nicolae_shop_crystal
D:6:      layout_loops_corners, grunt_ministairs_4, uniq_maggie,
          uniq_blork_the_orc
D:7:      layout_gridville, minmay_temple_entry_statues_fountains,
          grunt_gozag_statues
D:8:      layout_rooms, nemelex_altar_shiori
D:9:      layout_irregular_city, david_lair_generic, trog_butcher_becter
D:10:     layout_roguey, kennysheep_orc_monster_closet_entryway, special_room
          [special_room_orc], hangedman_decor_growths, minmay_lindwurm_lava,
          uniq_sonja
Lair:1:   layout_regular_city, enter_volcano_2, grunt_megastairs_5
Volcano:  volcano_village

Skill      XL: |  1  2  3  4  5  6  7  8  9 10 11 |
---------------+----------------------------------+-----
Stealth        | 1 2 3 |  3.6
Fighting       | 3 4 5 6 7 9 |  9.0
Dodging        | 2 3 4 5 |  5.1
Axes           | 1 2 3 4 |  4.8
Unarmed Combat | 4 |  4.7
Armour         | 2 4 5 7 8 |  8.6
Long Blades    | 4 6 8 |  8.3

Action                   |  1- 3 |  4- 6 |  7- 9 | 10-12 || total
-------------------------+-------+-------+-------+-------++-------
Melee: Unarmed           |    32 |       |       |       ||    32
       Bite              |    14 |    14 |   129 |   208 ||   365
       Hand axe          |    47 |    48 |   166 |       ||   261
       Punch             |     1 |       |    11 |     8 ||    20
       Long sword        |       |       |   127 |   455 ||   582
Invok: Berserk           |     5 |     2 |     5 |     8 ||    20
       Brothers in Arms  |       |       |       |     4 ||     4
       Trog's Hand       |       |       |       |     2 ||     2
Evoke: Box of beasts     |       |       |       |     1 ||     1
  Use: Scroll            |       |     4 |     2 |     8 ||    14
 Stab: Sleeping          |     2 |       |     1 |       ||     3
Armor: Animal skin       |    13 |     9 |       |       ||    22
       Scale mail        |       |       |   119 |   247 ||   366
Dodge: Dodged            |    54 |    40 |   200 |   386 ||   680
       Rpst.: Long sword |       |       |    42 |    97 ||   139

Table legend: (Time is in decaauts)
 A = Elapsed time spent in this place.
 B = Non-inter-level travel time spent in this place.
 C = Inter-level travel time spent in this place.
 D = Time resting spent in this place.
 E = Time spent auto-exploring this place.
 F = Levels seen in this place.
 G = Mean time per level.
                   A        B        C        D        E       F      G
               +--------+--------+--------+--------+--------+-----+--------+
         Total |   9602 |   9237 |    365 |    883 |   6278 |  12 |  800.2 |
       Dungeon |   9423 |   9059 |    364 |    883 |   6204 |  10 |  942.3 |
          Lair |    122 |    122 |      0 |      0 |     45 |   1 |  122.0 |
       Volcano |     56 |     56 |      0 |      0 |     29 |   1 |   56.0 |
               +--------+--------+--------+--------+--------+-----+--------+

Top non-repeatable levels by time:
     D:1: 1411 daAuts
     D:2: 1214 daAuts
    D:10: 1078 daAuts
     D:4: 1065 daAuts
     D:6: 1048 daAuts
     D:7: 1010 daAuts
     D:9: 923 daAuts
     D:5: 662 daAuts
     D:3: 551 daAuts
     D:8: 458 daAuts
  Lair:1: 122 daAuts
 Volcano: 56 daAuts
